 Dungeon Crawl Stone Soup version 0.23.2-40-g277498a001 (webtiles) character file.

Game seed: 6959768529176202749

16507 MalarOregon the Destroyer (level 12, -1/96 HPs)
             Began as a Red Draconian Conjurer on Sept 21, 2019.
             Was a Priest of Hepliaklqana.
             Slain by a death ooze (29 damage)
             ... in a Gauntlet.
             The game lasted 00:40:08 (15353 turns).

MalarOregon the Destroyer (Red Draconian Conjurer) Turns: 15353, Time: 00:40:08

Health: -1/96      AC: 10    Str: 11    XL:     12   Next: 10%
Magic:  4/25       EV: 20    Int: 20    God:    Hepliaklqana [***...]
Gold:   508        SH:  0    Dex: 17    Spells: 18/29 levels left

rFire    + . .     SeeInvis .   s - +1 quarterstaff (drain)
rCold    . . .     Gourm    .   (shield currently unavailable)
rNeg     . . .     Faith    .   (armour unavailable)
rPois    .         Spirit   .   (helmet restricted)
rElec    .         Reflect  .   h - +0 cloak
rCorr    .         Harm     .   i - -1 pair of gloves (curse)
MR       .....     NoTele   +   A - +0 pair of boots (curse)
Stlth    +++.......             (no amulet)
HPRegen  0.26/turn              f - ring of Jyrisi {Dex+5 Stlth+}
MPRegen  0.19/turn              z - +1 ring of evasion

@: no status effects
A: breathe fire, unfitting armour, reduced essence, fire resistance 1,
cold-blooded, AC +8
a: Breathe Fire, Recall Ancestor, Ancestor Identity, Transference, Renounce
Religion


You were in a Gauntlet.
You worshipped Hepliaklqana.
Hepliaklqana was most pleased with you.
You were hungry.

You visited 3 branches of the dungeon, and saw 12 of its levels.
You also visited: Gauntlet.

You collected 717 gold pieces.
You spent 209 gold pieces at shops.

Inventory:

Hand Weapons
 s - a +1 quarterstaff of draining (weapon)
   (You took it off Joseph on level 7 of the Dungeon)
Missiles
 u - 5 throwing nets (quivered) {!f}
Armour
 h - a +0 cloak (worn)
   (You bought it in a shop on level 4 of the Dungeon)
 i - a cursed -1 pair of gloves (worn)
   (You bought it in a shop on level 4 of the Dungeon)
 A - a cursed +0 pair of boots (worn)
   (You bought it in a shop on level 10 of the Dungeon)
 B - the +2 pair of boots of Rejih {-Tele rF++ Dex+3 Stlth+, unknown}
   (You found it in a Gauntlet)

   It affects your dexterity (+3).
   It greatly protects you from fire.
   It prevents most forms of teleportation.
   It makes you more stealthy.
Magical Staves
 y - an uncursed staff of poison
   (You found it on level 8 of the Dungeon)
Jewellery
 f - the ring of Jyrisi (left hand) {Dex+5 Stlth+}
   (You found it in a Gauntlet)

   [ring of stealth]

   It affects your dexterity (+5).
   It makes you more stealthy.
 j - an uncursed ring of poison resistance
   (You found it on level 3 of the Dungeon)
 z - a +1 ring of evasion (right hand)
   (You found it on level 9 of the Dungeon)
Wands
 d - a wand of iceblast (16)
   (You found it on level 8 of the Dungeon)
 k - a wand of polymorph (9)
   (You found it on level 8 of the Dungeon)
 q - a wand of clouds (4)
   (You took it off Joseph on level 7 of the Dungeon)
 x - a wand of acid (7)
   (You found it on level 5 of the Dungeon)
Scrolls
 c - 6 scrolls of remove curse {@r2}
 l - 2 scrolls of blinking
 m - 6 scrolls of teleportation {@r4}
 n - 4 scrolls of identify {@r1}
 r - a scroll of magic mapping
 t - 4 scrolls of enchant weapon
Potions
 a - a potion of curing {@q1}
 b - 3 potions of mutation {!q}
 g - 2 potions of haste {@q3}
 o - 5 potions of lignification {!q}
 p - 4 potions of flight
 v - a potion of heal wounds {@q2}
 w - a potion of brilliance
 C - a potion of cancellation {unknown}
Comestibles
 e - 23 rations {!d}


   Skills:
 * Level 10.5 Fighting
 + Level 4.6 Staves
 * Level 9.1 Dodging
 - Level 1.7 Stealth
 * Level 9.2 Spellcasting
 * Level 10.5 Conjurations


You had 18 spell levels left.
You knew the following spells:

 Your Spells              Type           Power        Failure   Level  Hunger
s - Dazzling Spray        Conj/Hex       ####..       2%          3    None
x - Iskenderun's Mystic   Conj           ######..     1%          4    ###....
z - Fulminant Prism       Conj/Hex       ####......   9%          4    ###....

Your spell library contained the following spells:

 Spells                   Type           Power        Failure   Level  Hunger
 Magic Dart               Conj           ####         1%          1    None
 Shock                    Conj/Air       ####         1%          1    None
 Searing Ray              Conj           ######       1%          2    None
 Static Discharge         Conj/Air       ####....     2%          3    None
 Animate Skeleton         Necr           N/A          8%          1    None
 Infusion                 Chrm           #...         8%          1    None
 Pain                     Necr           #...         8%          1    None
 Force Lance              Conj/Tloc      ####....     9%          4    ###....
 Shroud of Golubria       Chrm/Tloc      #.........   12%         2    None
 Song of Slaying          Chrm           #.......     12%         2    None
 Swiftness                Chrm/Air       #.......     12%         2    None
 Regeneration             Chrm/Necr      #.........   22%         3    None
 Spectral Weapon          Hex/Chrm       #.......     22%         3    None
 Vampiric Draining        Necr           #.........   22%         3    None
 Lightning Bolt           Conj/Air       ####......   24%         5    #####..
 Airstrike                Air            #.........   58%         4    ###....
 Animate Dead             Necr           N/A          58%         4    ###....


Dungeon Overview and Level Annotations

Branches:
Dungeon (10/15)            Temple (1/1) D:4            Lair (1/6) D:8
    Orc: D:9-12

Altars:
Ashenzari
Cheibriados
Dithmenos
Elyvilon
Fedhas
Gozag
Hepliaklqana
Kikubaaqudgha
Makhleb
Nemelex Xobeh
Okawaru
Qazlal
Ru
Sif Muna
Trog
Uskayaw
Vehumet
Wu Jian
Xom
Yredelemnul
Zin
The Shining One

Shops:
D:4 [   D:5 *   D:10 [

Annotations:
D:5 2 transporters
D:6 2 runed translucent doors, Crazy Yiuf; freakyemo's ghost, novice TrBe Gauntlet 9 transporters, 23 runed translucent doors


Innate Abilities, Weirdness & Mutations

You can breathe blasts of fire.
Your fiery red scales are hard. (AC +8)
You cannot fit into any form of body armour.
Your flesh is heat resistant. (rF+)
You are cold-blooded and may be slowed by cold attacks.
Your life essence is reduced to manifest your ancestor. (-10% HP)


Message History

You kill the jelly!
The orb of energy explodes!
You see here a glowing scythe.
There is a transporter here.
Two slime creatures merge to form a large slime creature.
You see here a blue potion.
C - a blue potion The death ooze enters a dispersal trap!
The large slime creature blinks!
You blink.
A large slime creature splits.
There is a transporter here.
Okay, then.
Two slime creatures merge to form a large slime creature.
You see here a glowing scythe.
A large slime creature splits.
There are monsters nearby!
You can't see any susceptible monsters within range! (Use Z to cast anyway.)
You start resting.
The slime creature is too close now for your liking.
Aim: a slime creature (hasn't noticed you)
The orb of energy hits the slime creature!!
The orb of energy explodes!
Aim: a slime creature (heavily wounded)
The orb of energy hits the slime creature!
The orb of energy explodes!
The slime creature hits you!
Aim: a slime creature (severely wounded)
The orb of energy hits the slime creature!!
You kill the slime creature!
Aim: a slime creature (moderately wounded)
The orb of energy hits the slime creature.
The orb of energy explodes!
You are feeling hungry.
Citlalmina emerges from the mists of memory!
You sock the slime creature! The slime creature hits you!
The slime creature completely misses you.
You sock the slime creature! You drain the slime creature.
The slime creature hits you!
You sock the slime creature!
The slime creature hits you but does no damage.
You hit the slime creature. You drain the slime creature.
You tail-slap the slime creature.
You kill the slime creature!
The death ooze quivers.
The death ooze hits you! The death ooze barely misses you.
You sock the death ooze! The death ooze misses you. x2
Citlalmina hits the death ooze with a +0 quarterstaff!!
You sock the death ooze! The death ooze hits you!!
* * * LOW HITPOINT WARNING * * *
The death ooze hits you!!
You die...

#≈...###########.......
##...#...)©....#...####
#§§..#.###...#^#...####
##§..#.#...###.#...###.
#≈...#...###...#...#..+
##.8.#.###©..#.#.8.#..#
#≈...#.#...#^#.#...#..#
##...#RJ.###...#...###.
#≈...#@#^#..^#.#...###.
##...#.........#...####
#≈...###########.....#.
##......#.©.#........#.
##§8...#.8.#...8....#.
#§.....#.©.#.....#####
##...#########...#..?.
#≈...#...©...#...##.##
##...#...8...#...##.##


You could see the friendly Citlalmina the battlemage and a death ooze.

Vanquished Creatures
  Harold (D:8)
  3 two-headed ogres
  A hell hog (Gauntlet)
  An orc sorcerer (D:10)
  A manticore (D:10)
  Joseph (D:7)
  A kobold demonologist (D:9)
  A troll (D:10)
  3 blink frogs (Lair:1)
  Grinder (D:5)
  2 slime creatures (Gauntlet)
  Sigmund (D:5)
  A yak (D:9)
  2 fire bats (Gauntlet)
  A steam dragon (D:10)
  3 hungry ghosts
  Menkaure (D:5)
  A hell hound (Gauntlet)
  A water moccasin (D:7)
  Duvessa (D:5)
  A porcupine (D:8)
  2 sky beasts
  2 phantoms
  An ice beast (D:6)
  2 orc warriors
  3 black bears
  6 centaurs
  6 wolves (Lair:1)
  6 ogres
  2 big kobolds
  A crocodile (D:9)
  2 bullfrogs
  A gnoll sergeant (D:8)
  3 scorpions
  Dowan (D:5)
  6 killer bees (D:10)
  4 jellies
  2 vampire bats (D:2)
  An electric eel (D:9)
  2 crimson imps
  4 orc priests
  A hound (D:10)
  A bullfrog skeleton (D:5)
  4 iguanas
  Natasha (D:3)
  3 orc wizards
  11 worker ants
  2 hound zombies
  A howler monkey zombie (D:5)
  3 gnolls
  11 adders
  An ooze (D:2)
  An adder zombie (D:7)
  An adder skeleton (D:4)
  9 worms
  4 dart slugs
  7 leopard geckos
  34 orcs
  3 bat skeletons (D:2)
  3 bat zombies (D:2)
  10 giant cockroaches
  10 goblins
  7 hobgoblins
  10 jackals
  16 kobolds
  A quokka (D:4)
  A ball python (D:5)
  8 bats
  4 frilled lizards
  A jackal skeleton (D:4)
  A leopard gecko skeleton (D:5)
  A leopard gecko zombie (D:5)
  6 rats
263 creatures vanquished.

Vanquished Creatures (collateral kills)
  2 two-headed ogres
  Nergalle (D:10)
  4 yaks (D:9)
  A golden eye (D:10)
  A hungry ghost (D:8)
  A hell hound (Gauntlet)
  2 orc warriors (D:8)
  3 ice beasts
  A black bear (D:8)
  2 sky beasts
  A phantom (D:8)
  An ogre (D:9)
  2 big kobolds (D:9)
  A scorpion (D:9)
  A howler monkey (D:5)
  3 crimson imps
  2 centaur zombies
  A hound (D:6)
  3 centaur skeletons
  A bullfrog zombie (D:6)
  An orc priest (D:8)
  2 orc wizards
  A worker ant (D:10)
  2 gnolls
  2 adders
  A shadow imp (D:8)
  6 orcs
  A giant cockroach (D:7)
50 creatures vanquished.

Vanquished Creatures (others)
  8 battlemagi
  An adder (D:10)
  6 ancestors
15 creatures vanquished.

Grand Total: 328 creatures vanquished

Notes
Turn   | Place    | Note
-------+----------+-------------------------------------------
     0 | D:1      | MalarOregon the Draconian Conjurer began the quest for the
                  | Orb.
     0 | D:1      | Reached XP level 1. HP: 14/14 MP: 3/3
   322 | D:1      | Reached XP level 2. HP: 22/22 MP: 0/5
   562 | D:1      | Reached skill level 1 in Fighting
   792 | D:1      | You fall through a shaft!
   812 | D:2      | Reached XP level 3. HP: 24/28 MP: 1/6
   922 | D:2      | Found a shattered altar of Ashenzari.
  1431 | D:2      | Reached XP level 4. HP: 35/36 MP: 7/7
  2235 | D:2      | Found a shimmering altar of Xom.
  2236 | D:2      | Found a shimmering altar of Xom.
  2236 | D:2      | Found a shimmering altar of Xom.
  2245 | D:2      | Found a shimmering altar of Xom.
  2365 | D:2      | Found an ancient bone altar of Kikubaaqudgha.
  2386 | D:2      | Reached XP level 5. HP: 36/42 MP: 9/9
  2866 | D:3      | Found a blossoming altar of Fedhas.
  2945 | D:3      | Noticed Natasha
  2952 | D:3      | Killed Natasha
  2952 | D:3      | Reached skill level 5 in Conjurations
  3121 | D:3      | Found a shadowy altar of Dithmenos.
  3240 | D:4      | Found a staircase to the Ecumenical Temple.
  3250 | D:4      | Noticed an ogre
  3263 | Temple   | Entered the Ecumenical Temple
  3433 | Temple   | Became a worshipper of Hepliaklqana the Forgotten
  3750 | D:4      | Reached XP level 6. HP: 36/45 MP: 0/10
  4156 | D:4      | Found Neushaz's Armour Boutique.
  4163 | D:4      | Bought a +0 cloak for 45 gold pieces
  4163 | D:4      | Bought a cursed -1 pair of gloves for 1 gold piece
  4197 | D:4      | Found a deep blue altar of Sif Muna.
  4266 | D:4      | HP: 1/45 [iguana (10)]
  4762 | D:5      | Entered Level 5 of the Dungeon
  4925 | D:5      | Your scales start taking on a fiery red colour.
  4925 | D:5      | Reached XP level 7. HP: 52/52 MP: 7/12
  4925 | D:5      | Gained mutation: Your flesh is heat resistant. (rF+) [Red
                  | Draconian growth]
  5161 | D:5      | Noticed a hippogriff
  5164 | D:5      | You fall through a shaft for 2 floors!
  5612 | D:7      | Reached XP level 8. HP: 33/60 MP: 2/14
  5985 | D:6      | Reached * piety under Hepliaklqana
  6033 | D:6      | Reached skill level 5 in Fighting
  6193 | D:6      | Found a bloodstained altar of Trog.
  6263 | D:6      | Reached skill level 5 in Spellcasting
  6535 | D:7      | Reached skill level 5 in Dodging
  7011 | D:5      | Noticed Sigmund
  7021 | D:5      | Killed Sigmund
  7029 | D:5      | Found a transporter.
  7036 | D:5      | Found a transporter.
  7045 | D:5      | Found a snail-covered altar of Cheibriados.
  7120 | D:5      | Noticed Grinder
  7136 | D:5      | Killed Grinder
  7136 | D:5      | Reached XP level 9. HP: 63/69 MP: 8/17
  7353 | D:5      | Found Zeloyroo's General Store.
  7361 | D:5      | Bought a potion of lignification for 33 gold pieces
  7370 | D:5      | Noticed Menkaure
  7377 | D:5      | Killed Menkaure
  7385 | D:5      | Noticed Duvessa
  7403 | D:5      | Noticed Dowan
  7675 | D:5      | Killed Dowan
  7677 | D:5      | Killed Duvessa
  7791 | D:5      | Found a sacrificial altar of Ru.
  8220 | D:6      | Found a runed translucent door.
  8221 | D:6      | Noticed Crazy Yiuf
  8295 | D:6      | Found a runed translucent door.
  8296 | D:6      | Noticed freakyemo's ghost (novice TrBe)
  8410 | D:7      | Reached ** piety under Hepliaklqana
  8411 | D:7      | Remembered your ancestor Citlalmina as a battlemage
  8532 | D:7      | Found a glowing silver altar of Zin.
  8700 | D:7      | Noticed Joseph
  8711 | D:7      | Killed Joseph
  9577 | D:8      | Reached skill level 1 in Staves
  9577 | D:8      | Reached XP level 10. HP: 47/79 MP: 9/20
  9985 | D:8      | Found a staircase to the Lair.
 10063 | D:8      | Noticed Harold
 10128 | D:8      | Killed Harold
 10550 | D:9      | Noticed a two-headed ogre
 10556 | D:9      | Killed a two-headed ogre
 10771 | D:9      | Found a sacrificial altar of Ru.
 11047 | D:9      | Noticed a two-headed ogre
 11057 | D:9      | Killed a two-headed ogre
 11205 | D:9      | Noticed a smoke demon
 11214 | D:9      | Reached XP level 11. HP: 52/87 MP: 19/22
 11406 | D:9      | Found a white marble altar of Elyvilon.
 11451 | D:9      | Reached *** piety under Hepliaklqana
 11989 | D:10     | Entered Level 10 of the Dungeon
 12003 | D:10     | Found Vomne's Antique Armour Emporium.
 12004 | D:10     | Noticed a two-headed ogre
 12366 | D:9      | Killed a two-headed ogre
 12676 | D:10     | Bought a pair of boots for 130 gold pieces
 12693 | D:10     | Learned a level 4 spell: Iskenderun's Mystic Blast
 12697 | D:10     | Learned a level 3 spell: Dazzling Spray
 12702 | D:10     | Learned a level 4 spell: Fulminant Prism
 12709 | D:10     | Noticed Nergalle
 12852 | D:10     | Killed Nergalle
 13268 | D:10     | Reached skill level 10 in Conjurations
 13272 | D:10     | Noticed a two-headed ogre
 13383 | D:10     | Killed a two-headed ogre
 13532 | D:10     | Reached skill level 10 in Fighting
 13534 | D:10     | Noticed Maurice
 13545 | D:10     | Noticed Maurice
 13545 | D:10     | Maurice changed into Maurice the golden eye
 13549 | D:10     | Killed Maurice the golden eye
 13569 | D:10     | Noticed an orc sorcerer
 13581 | D:10     | Killed an orc sorcerer
 13853 | D:10     | Noticed a two-headed ogre
 13974 | D:10     | Killed a two-headed ogre
 14395 | Lair:1   | Entered Level 1 of the Lair of Beasts
 14398 | Lair:1   | Noticed an eight-headed hydra
 14494 | Lair:1   | Found a gate leading to a gauntlet.
 14511 | Gauntlet | Entered a Gauntlet
 14511 | Gauntlet | Found a transporter.
 14786 | Gauntlet | Noticed a death yak
 14787 | Gauntlet | Noticed a death yak
 14790 | Gauntlet | Found a transporter.
 14802 | Gauntlet | Noticed a sun demon
 14805 | Gauntlet | Found a transporter.
 14806 | Gauntlet | Found a transporter.
 14808 | Gauntlet | Found a large runed translucent door.
 14809 | Gauntlet | Found a large runed translucent door.
 14810 | Gauntlet | Found a large runed translucent door.
 14810 | Gauntlet | Found a large runed translucent door.
 14810 | Gauntlet | Found a runed translucent door.
 14811 | Gauntlet | Found a large runed translucent door.
 14812 | Gauntlet | Found a large runed translucent door.
 14813 | Gauntlet | Found a large runed translucent door.
 14813 | Gauntlet | Found a large runed translucent door.
 14814 | Gauntlet | Found a runed translucent gate.
 14824 | Gauntlet | Found a transporter.
 14824 | Gauntlet | Found a runed translucent gate.
 14825 | Gauntlet | Found a runed translucent gate.
 14826 | Gauntlet | Found a large runed translucent door.
 14826 | Gauntlet | Found a large runed translucent door.
 14827 | Gauntlet | Found a large runed translucent door.
 14828 | Gauntlet | Found a large runed translucent door.
 14836 | Gauntlet | Found a runed translucent door.
 14837 | Gauntlet | Found a transporter.
 14837 | Gauntlet | Found a large runed translucent door.
 14837 | Gauntlet | Found a large runed translucent door.
 14837 | Gauntlet | Found a runed translucent door.
 14838 | Gauntlet | Found a large runed translucent door.
 14839 | Gauntlet | Found a large runed translucent door.
 14840 | Gauntlet | Found a transporter.
 14844 | Gauntlet | Found a transporter.
 14845 | Gauntlet | Noticed a necromancer
 14846 | Gauntlet | Found a runed translucent door.
 14863 | Gauntlet | Found a transporter.
 14866 | Gauntlet | Noticed a death ooze
 14880 | Gauntlet | Found a transporter.
 14884 | Gauntlet | Found a transporter.
 14884 | Gauntlet | Noticed a hell hog
 14892 | Gauntlet | Found a transporter.
 14907 | Gauntlet | Noticed a death yak
 14955 | Gauntlet | Killed a hell hog
 14955 | Gauntlet | Reached XP level 12. HP: 41/96 MP: 4/25
 14987 | Gauntlet | Got a crude jade ring
 15280 | Gauntlet | Identified the ring of Jyrisi {Dex+5 Stlth+} (You found it
                  | in a Gauntlet)
 15302 | Gauntlet | Got a pair of pitted boots
 15353 | Gauntlet | Slain by a death ooze

Skill      XL: |  1  2  3  4  5  6  7  8  9 10 11 |
---------------+----------------------------------+-----
Dodging        | 2 3 4 5 6 7 9 |  9.1
Fighting       | 1 2 3 4 6 7 9 10 | 10.5
Spellcasting   | 3 4 5 6 7 9 |  9.2
Conjurations   | 5 6 7 8 9 10 | 10.5
Staves         | 1 3 4 |  4.6
Stealth        | |  1.7

Action                   |  1- 3 |  4- 6 |  7- 9 | 10-12 || total
-------------------------+-------+-------+-------+-------++-------
Melee: Unarmed           |     2 |       |       |     8 ||    10
       Mace              |     1 |       |       |       ||     1
       Dagger            |    52 |   171 |   155 |       ||   378
       Tailslap          |     4 |    18 |    22 |    24 ||    68
       Trident           |       |       |     2 |       ||     2
       Quarterstaff      |       |       |    14 |   254 ||   268
 Cast: Magic Dart        |    58 |    62 |   220 |    87 ||   427
       Iskenderun's Myst |       |       |       |    59 ||    59
       Dazzling Spray    |       |       |       |    11 ||    11
Invok: Recall Ancestor   |       |       |     2 |     2 ||     4
       Ancestor Life: Ba |       |       |     1 |       ||     1
 Abil: Breathe Fire      |       |       |     4 |     3 ||     7
Evoke: Wand              |       |       |       |     5 ||     5
  Use: Scroll            |     3 |     4 |     7 |     6 ||    20
       Potion            |       |       |       |     1 ||     1
 Stab: Sleeping          |     2 |     7 |     1 |     1 ||    11
       Distracted        |       |     1 |     2 |     3 ||     6
  Eat: Chunk             |     2 |    12 |    12 |    23 ||    49
       Ration            |       |       |     1 |     2 ||     3
Armor: Skin              |    10 |    80 |   119 |    88 ||   297
Dodge: Dodged            |    46 |   146 |   227 |   318 ||   737
